 Dungeon Crawl Stone Soup version 0.28-a0-535-g6f645e4c1d (webtiles) character file.

Game seed: 1801103604991658904

40 heikuro the Shield-Bearer (level 3, -7/30 HPs)
             Began as a Formicid Fighter on Sept 26, 2021.
             Killed by divine providence
             ... invoked by an orc priest
              (16 damage)
             ... on level 3 of the Dungeon.
             The game lasted 00:02:07 (2091 turns).

heikuro the Shield-Bearer (Formicid Fighter)        Turns: 2091, Time: 00:02:08

Health: -7/30      AC:  7    Str: 21    XL:     3   Next: 72%
Magic:  3/3        EV:  8    Int:  7    God:
Gold:   58         SH:  8    Dex: 10    Spells: 2/2 levels left

rFire   . . .      SeeInvis +   a - +0 war axe
rCold   . . .      Faith    .   i - +0 kite shield
rNeg    . . .      Spirit   .   b - +0 scale mail
rPois   .          Reflect  .   (helmet unavailable)
rElec   .          Harm     .   (no cloak)
rCorr   .          Rampage  .   (no gloves)
Will    .....                   (no boots)
Stlth   ..........              (no amulet)
HPRegen 0.10/turn               (no ring)
MPRegen 0.08/turn               (no ring)

@: no status effects
A: permanent stasis, dig shafts and tunnels, antennae 3, four strong arms
a: Dig, Shaft Self


You were on level 3 of the Dungeon.
You visited 1 branch of the dungeon, and saw 3 of its levels.

You collected 58 gold pieces.

Inventory:

Hand Weapons
 a - a +0 war axe (weapon)
Missiles
 g - 2 boomerangs (quivered)
Armour
 b - a +0 scale mail (worn)
 i - a +0 kite shield (worn)
Scrolls
 f - a scroll of magic mapping {unknown}
 j - a scroll of torment {unknown}
Potions
 c - a potion of degeneration {unknown}
 d - a potion of might
 e - a potion of brilliance {unknown}
 h - a potion of heal wounds {unknown}
 k - a potion of curing {unknown}
 l - a potion of mutation {unknown}


   Skills:
 + Level 3.6 Fighting
 * Level 2.9 Axes
 + Level 3.7 Armour
 + Level 3.8 Shields


You had 2 spell levels left.
You didn't know any spells.
Your spell library was empty.

Dungeon Overview and Level Annotations

Branches:
Dungeon (3/15)

Altars:

Shops:
D:2 (   D:3 =!


Innate Abilities, Weirdness & Mutations

You cannot be hasted, slowed, berserked, paralysed or teleported.
You can dig through walls and to a lower floor.
You have a pair of large antennae on your head. (SInv)
Your four strong arms can wield two-handed weapons with a shield.


Message History

You hit the hobgoblin.
The hobgoblin is moderately wounded.
The hobgoblin hits you but does no damage.
The hobgoblin hits you.
You closely miss the hobgoblin.
The hobgoblin is moderately wounded.
The hobgoblin closely misses you.
You barely miss the hobgoblin.
The hobgoblin is moderately wounded.
The hobgoblin hits you. The hobgoblin closely misses you.
The hobgoblin closely misses you.
You hit the hobgoblin but do no damage.
The hobgoblin is moderately wounded.
The hobgoblin hits you.
You hit the hobgoblin.
You kill the hobgoblin!
No target in view!
No target in view!
You start resting.
An orc comes into view. It is wielding a +0 mace.
The orc shouts!
An orc comes into view. It is wielding a +0 club.
The orc shouts!
The orc priest shouts!
You hear an angry hiss.
An endoplasm comes into view.
The orc hits you but does no damage.
You barely miss the orc. The orc hits you with a +0 mace.
You slash the orc!
You kill the orc!
You barely miss the orc.
The orc priest mumbles some strange prayers to Beogh against you.
Beogh smites you!
* * * LOW HITPOINT WARNING * * *
The orc closely misses you.
The orc priest looks satisfied for a moment.
You see here 13 sling bullets.
The orc priest mumbles some strange prayers to Beogh against you.
Beogh smites you!
Ouch! That really hurt!
You die...

......# ......
......##J....#
.#....#).#...##
.?........#...### #
#......{#.......### .#
#......#####......##.##
..............##......####
.........................
#.......)...o.o.@....(..#
.........####..#......#.##
.♣.....†.# #............#
.∩.♣.....# #.##...##..#.#
#♣.......# #.###..##....#
######..####.###.....#<.#
##...).....∩....##.#
#####).....##### ##
##.##..#


You could see an orc priest and an orc.

Vanquished Creatures
  A dart slug (D:1)
  3 orcs (D:3)
  6 bats
  2 endoplasms
  2 giant cockroaches
  3 goblins
  4 hobgoblins
  2 quokkas (D:1)
  4 ball pythons
  3 frilled lizards
  A kobold (D:1)
  2 rats (D:1)
33 creatures vanquished.

Notes
Turn   | Place    | Note
-------+----------+-------------------------------------------
     0 | D:1      | heikuro the Formicid Fighter began the quest for the Orb.
     0 | D:1      | Reached XP level 1. HP: 18/18 MP: 1/1
   424 | D:1      | Reached XP level 2. HP: 21/24 MP: 2/2
   479 | D:1      | Found a faded altar of an unknown god.
   917 | D:1      | Reached XP level 3. HP: 27/29 MP: 3/3
  1394 | D:2      | Found Foerahy's Weapon Shoppe.
  1862 | D:3      | Found Odiwy's Distillery.
  1902 | D:3      | Found Hies's Jewellery Shoppe.
  2091 | D:3      | Killed from afar by an orc priest

Illustrated notes

Levels and vault maps discovered:
D:1:      ncdulo_smallfort, layout_loops_ring, hellmonk_ecumenical_altar_run_dry
D:2:      layout_loops_ring, serial_shops, shop
D:3:      layout_rooms, nicolae_gozag_seed_capital, serial_shops,
          nicolae_shop_trees, nicolae_square_shop, nicolae_shop_statue_plus,
          gammafunk_ghost_split, chequers_serial_rivers_large_a

Action                   || total
-------------------------++-------
Melee: War axe           ||   107
Armor: Scale mail        ||    65
Dodge: Dodged            ||    42
Block: Buckler           ||    10
       Kite shield       ||    25

Table legend: (Time is in decaauts)
 A = Elapsed time spent in this place.
 B = Non-inter-level travel time spent in this place.
 C = Inter-level travel time spent in this place.
 D = Time resting spent in this place.
 E = Time spent auto-exploring this place.
 F = Levels seen in this place.
 G = Mean time per level.
                   A        B        C        D        E       F      G
               +--------+--------+--------+--------+--------+-----+--------+
         Total |   2142 |   2091 |     51 |    296 |   1371 |   3 |  714.0 |
       Dungeon |   2142 |   2091 |     51 |    296 |   1371 |   3 |  714.0 |
               +--------+--------+--------+--------+--------+-----+--------+

Top non-repeatable levels by time:
     D:1: 1241 daAuts
     D:2: 657 daAuts
     D:3: 243 daAuts
